 Dungeon Crawl Stone Soup version 0.17.1-2-g5865329 (webtiles) character file.

172937 Glider the Tortoise (level 17, -1/149 HPs)
             Began as a Minotaur Fighter on Jan 15, 2016.
             Was the Champion of Qazlal.
             Killed from afar by a shock serpent (14 damage)
             ... with a bolt of electricity
             ... on level 3 of the Snake Pit on Jan 16, 2016.
             The game lasted 03:34:56 (38975 turns).

Glider the Tortoise (Minotaur Fighter)             Turns: 38975, Time: 03:34:56

Health: -1/149     AC: 28    Str: 23    XL:     17   Next: 42%
Magic:  1/9        EV: 13    Int:  5    God:    Qazlal [******]
Gold:   2445       SH: 20    Dex: 15    Spells: 0 memorised, 16 levels left

rFire  + + .     SeeInvis +     r - +9 flail of Breach {antimagic, *Drain rF+ MR+ SInv}
rCold  + . .     Clarity  .     x - +5 chain mail "Ojiwitru" {-Cast MR++ SInv}
rNeg   + . .     SustAt   .     i - +2 shield {rC+}
rPois  .         Gourm    .     R - +0 hat {MR+}
rElec  .         Spirit   .     W - +2 cloak
rCorr  .         Warding  .     s - +1 pair of gloves
rMut   .         Stasis   .     M - +0 pair of boots
MR     +++++     NoCast   +     (no amulet)
Stlth  ..........               G - ring of positive energy
                                Z - ring of protection from fire

@: repel missiles, almost entirely resistant to hostile enchantments, extremely
unstealthy
A: retaliatory headbutt, horns 2, evolution 1
a: Upheaval, Elemental Force, Disaster Area, Renounce Religion


You were on level 3 of the Snake Pit.
You worshipped Qazlal.
Qazlal was exalted by your worship.
You were not hungry.

You visited 5 branches of the dungeon, and saw 31 of its levels.
You visited the Abyss 1 time.
You visited 1 bazaar.
You also visited: Labyrinth, Sewer, Ice Cave and Volcano.

You collected 3481 gold pieces.
You spent 1036 gold pieces at shops.

Inventory:

Hand Weapons
 r - the +9 flail of Breach (weapon) {antimagic, *Drain rF+ MR+ SInv}
   (You bought it in a shop in a bazaar)

   It disrupts the flow of magical energy around spellcasters and certain
   magical creatures (including the wielder).
   It protects you from fire.
   It affects your resistance to hostile enchantments.
   It lets you see invisible.
   It causes draining when unequipped.
 H - the +3 arbalest "Guimuytu" {elec, MP+9 Str+6 Dex-3, unknown}
   (You found it on level 2 of the Snake Pit)

   It charges the ammunition it shoots with electricity; occasionally upon a
   hit, such missiles may discharge and cause terrible harm.
   It affects your strength (+6).
   It affects your dexterity (-3).
   It affects your magic capacity (+9).
Armour
 i - a +2 shield of cold resistance (worn)
 l - the +2 leather armour "Huuvooj" {rElec rF- rC+ MP+9}
   (You found it on level 2 of the Snake Pit)

   It makes you vulnerable to fire.
   It protects you from cold.
   It insulates you from electricity.
   It affects your magic capacity (+9).
 s - a +1 pair of gloves (worn)
 x - the +5 chain mail "Ojiwitru" (worn) {-Cast MR++ SInv}
   (You acquired it on level 11 of the Dungeon)

   It affects your resistance to hostile enchantments.
   It lets you see invisible.
   It prevents spellcasting.
 M - a +0 pair of boots (worn)
 R - a +0 hat of magic resistance (worn)
 W - a +2 cloak (worn)
Jewellery
 G - a ring of positive energy (right hand)
 L - an uncursed ring of flight
 Y - an uncursed amulet of resist mutation
 Z - a ring of protection from fire (left hand)
Wands
 e - a wand of lightning (12)
 n - a wand of heal wounds (4)
 B - a wand of teleportation (6)
 E - a wand of fireball (1)
 T - a wand of digging (13)
Scrolls
 a - 2 scrolls of enchant armour
 c - a scroll of magic mapping
 g - 2 scrolls of fog
 o - a scroll of holy word
 p - 5 scrolls of remove curse
 q - 7 scrolls of blinking
 u - 10 scrolls of teleportation
 y - 2 scrolls of enchant weapon
 J - 5 scrolls of recharging
 O - 2 scrolls of identify
 X - 3 scrolls of fear
Potions
 d - 5 potions of might
 f - 2 potions of berserk rage
 j - 2 potions of cancellation
 k - 3 potions of brilliance
 m - 9 potions of agility
 t - 4 potions of curing
 z - 3 potions of magic
 A - 5 potions of heal wounds
 C - a potion of resistance
 D - 3 potions of cure mutation
 F - 3 potions of invisibility
 K - 2 potions of flight
 V - a potion of haste
Miscellaneous
 h - a fan of gales
 w - a lamp of fire
 I - a plain deck of escape {Swap}
 N - a sack of spiders {used: 1}
Comestibles
 b - 13 meat rations
 v - 3 fruits


   Skills:
 - Level 13.0 Fighting
 - Level 16.0 Maces & Flails
 - Level 20.0 Armour
 - Level 11.0 Dodging
 - Level 5.0 Shields
 - Level 15.1 Invocations
 * Level 8.0 Evocations


You had 16 spell levels left.
You didn't know any spells.

Dungeon Overview and Level Annotations

Branches:
Dungeon (15/15)            Temple (1/1) D:6            Lair (8/8) D:10
 Shoals (0/4) Lair:5        Snake (3/4) Lair:4        Slime (0/6) Lair:8
    Orc (4/4) D:10            Elf (0/3) Orc:3        Vaults (0/5) D:14
 Depths (0/5) D:15

Altars:
Ashenzari
Cheibriados
Dithmenos
Elyvilon
Fedhas
Gozag
Kikubaaqudgha
Makhleb
Nemelex Xobeh
Okawaru
Qazlal
Ru
Sif Muna
Trog
Vehumet
Xom
Yredelemnul
Zin
The Shining One
Jiyva

Shops:
D:11 *   Orc:4 ((*[

Annotations:
D:12 exclusion: 2 oklob plants


Innate Abilities, Weirdness & Mutations

You reflexively headbutt those who attack you in melee.
You have a pair of horns on your head.
You evolve.


Message History

The bolt of electricity hits you!
* * * LOW HITPOINT WARNING * * *
The shock serpent shoots out a bolt of lightning at you!
The bolt of electricity hits you!
* * * LOW HITPOINT WARNING * * *
Evoke which item? (* to show all) (? for menu, Esc to quit)
Zapping:
n - a wand of heal wounds (5)
Press: ? - help, Shift-Dir - straight line, f - you You feel much better.
This wand has 4 charges left.
You feel sick.
You hear an angry hiss.
The greater naga points at you and mumbles some strange words.
The poison arrow hits you!
You are more poisoned.
* * * LOW HITPOINT WARNING * * *
Drink which item? (? for menu, Esc to quit)
You feel better.
The shock serpent is engulfed in roaring flames.
The shock serpent shoots out a bolt of lightning at you!
The bolt of electricity hits you!
You die...

..... #...#
............... .....
#..## #....##..... ..
...... #.######..........
. ......# ##.#
#............ ..#
......)##..###...........
...
#.....N.N.##...........#
##..
###....NN...§§.§.......#
#...
#..§###....§..##.....##
#... ##..
#...S@.###...#..###...
#..#
#....#..###..###..#....
.... #...####......#
##...... ..#..#..###
#.....####§....#.
.####..#
##.###..##....#### ###
#.## ##.#..##.#### ##.#
##.#####.... #.## ###
##### ##.#


You could see a greater naga, a salamander, a shock serpent, a naga mage and a
naga.

Vanquished Creatures
  Nikola (Snake:1)
  Agnes (Snake:2)
  A greater naga (Snake:2)
  Donald (D:14)
  Nessos (Lair:5)
  Azrael (Orc:4)
  A minotaur (Lab)
  A fire dragon (D:13)
  2 ogre magi (D:15)
  Fannar (D:12)
  Erolcha (D:9)
  5 naga warriors (Snake:1)
  An ice dragon (Lair:8)
  4 anacondas
  6 centaur warriors
  7 hydras
  2 catoblepae
  6 tengu warriors
  A large abomination (Abyss:1)
  9 death yaks
  A queen ant (Lair:5)
  7 shock serpents
  5 naga sharpshooters
  3 orc high priests (Orc:4)
  Sonja (Orc:4)
  Nergalle (Lair:3)
  A hell knight (Volcano)
  6 skeletal warriors
  2 ice devils (IceCv)
  3 naga ritualists
  6 orc knights
  8 hill giants
  A lindwurm (Lair:8)
  2 unseen horrors
  2 wolf spiders (Lair:8)
  A wolf spider zombie (D:14)
  An oklob plant (Lair:6)
  5 orc sorcerers
  A deep elf conjurer (D:15)
  2 griffons
  5 mana vipers
  2 wizards (D:15)
  5 cyclopes
  A hornet (Lair:8)
  An ugly thing (D:13)
  32 elephants
  A manticore (D:14)
  4 salamanders
  3 guardian serpents
  A centaur zombie (D:15)
  2 ice statues (IceCv)
  35 black mambas
  8 torpor snails
  Psyche (D:9)
  2 gargoyles
  17 spiny frogs
  A yaktaur (D:13)
  8 komodo dragons
  2 kobold demonologists
  7 naga magi
  A two-headed ogre (shapeshifter) (D:14)
  A komodo dragon (shapeshifter) (D:15)
  6 blue devils (IceCv)
  A red devil (Volcano)
  A tengu conjurer (D:15)
  9 trolls
  8 two-headed ogres
  2 polar bears
  3 fire drakes
  2 giant leeches (Lair:8)
  Prince Ribbit (D:8)
  4 boulder beetles (Lair:5)
  6 slime creatures
  6 blink frogs
  2 wraiths (D:13)
  5 fire elementals (Orc:4)
  2 trapdoor spiders (Lab)
  A yak (shapeshifter) (D:13)
  16 humans
  2 deep elf magi
  A water elemental (D:15)
  2 basilisks
  32 yaks
  5 wyverns
  12 hippogriffs
  4 mottled dragons
  A hippogriff (shapeshifter) (D:12)
  2 deep elf fighters (D:15)
  7 hungry ghosts
  20 soldier ants (Lair:5)
  4 wargs
  8 porcupines
  26 wolves
  18 nagas
  9 vampire mosquitoes
  Duvessa (D:7)
  4 hell hounds
  A necrophage (D:11)
  18 water moccasins
  3 spiders (Lair:8)
  4 wasps
  3 ice beasts
  3 sky beasts
  19 ogres
  27 orc warriors
  4 black bears
  17 crocodiles
  5 eyes of draining
  3 phantoms
  3 boggarts (D:14)
  25 centaurs
  5 brain worms
  8 big kobolds
  28 giant frogs
  Dowan (D:7)
  4 scorpions
  5 killer bees
  A wyvern skeleton (D:10)
  2 small abominations (Abyss:1)
  9 electric eels
  12 wights
  2 giant frog zombies
  8 crimson imps
  3 quasits
  4 jellies
  6 centaur skeletons
  32 orc priests
  5 hounds
  Crazy Yiuf (D:7)
  2 gnoll shamans
  35 orc wizards
  3 giant frog skeletons
  An iron imp (Abyss:1)
  10 iguanas
  25 sheep
  32 worker ants
  A hound skeleton (D:4)
  A mummy (D:5)
  12 gnolls
  50 river rats
  16 adders
  3 shadow imps
  14 oozes
  5 ufetubi (IceCv)
  3 white imps (IceCv)
  18 worms
  11 giant geckos
  179 orcs
  9 ball pythons
  20 giant cockroaches
  17 goblins
  10 hobgoblins
  16 jackals
  5 bats
  A giant gecko skeleton (D:6)
  A giant gecko zombie (D:7)
  10 giant newts
  26 kobolds
  2 quokkas
  2 quokka skeletons
  10 rats
  4 bushes
  92 fungi
  65 plants
1467 creatures vanquished.

Vanquished Creatures (collateral kills)
  Rupert (D:14)
  Gastronok (Lair:1)
  Louise (D:14)
  A naga sharpshooter (Snake:2)
  A naga ritualist (Snake:2)
  A deep elf priest (D:15)
  A yak (Lair:8)
  A deep elf mage (D:15)
  A deep elf fighter (D:15)
  A water moccasin (Lair:8)
  An ogre (D:15)
  A crimson imp (Volcano)
  An iguana (Lair:1)
  A worker ant (Lair:8)
  5 sheep (Lair:8)
  A plant (Lair:5)
20 creatures vanquished.

Vanquished Creatures (others)
  A cyclops (D:14)
  A boggart (D:14)
  A centaur (D:15)
  5 white imps (IceCv)
  4 ufetubi (IceCv)
  2 orcs (Orc:4)
  78 fungi
  64 plants
156 creatures vanquished.

Grand Total: 1643 creatures vanquished

Notes
Turn   | Place    | Note
--------------------------------------------------------------
     0 | D:1      | Glider the Minotaur Fighter began the quest for the Orb.
     0 | D:1      | Reached XP level 1. HP: 19/19 MP: 0/0
   284 | D:1      | Reached XP level 2. HP: 25/27 MP: 1/1
   308 | D:1      | Reached skill level 4 in Armour
   354 | D:1      | Reached skill level 1 in Dodging
  1008 | D:2      | Reached XP level 3. HP: 33/33 MP: 2/2
  1047 | D:2      | Found a shimmering altar of Xom.
  1116 | D:2      | Found a sacrificial altar of Ru.
  1444 | D:2      | Reached XP level 4. HP: 26/40 MP: 3/3
  1567 | D:2      | Found a shimmering altar of Xom.
  1567 | D:2      | Found a shimmering altar of Xom.
  1567 | D:2      | Found a shimmering altar of Xom.
  1567 | D:2      | Found a shimmering altar of Xom.
  1567 | D:2      | Found a shimmering altar of Xom.
  1568 | D:2      | Found a shimmering altar of Xom.
  1568 | D:2      | Found a shimmering altar of Xom.
  1869 | D:3      | Found a shadowy altar of Dithmenos.
  1944 | D:3      | You fall through a shaft!
  1971 | D:3      | Found a glowing drain.
  2187 | Sewer    | Entered a sewer
  2396 | Sewer    | Reached skill level 5 in Shields
  2504 | Sewer    | Reached XP level 5. HP: 41/47 MP: 4/4
  2632 | Sewer    | Reached skill level 5 in Fighting
  2634 | Sewer    | Noticed a giant frog
  2635 | Sewer    | Noticed a giant frog
  2640 | Sewer    | Killed a giant frog
  2648 | Sewer    | Reached XP level 6. HP: 52/56 MP: 5/5
  2667 | Sewer    | Killed a giant frog
  3173 | D:4      | Reached skill level 5 in Maces & Flails
  3310 | D:4      | Reached skill level 6 in Fighting
  3704 | D:4      | Noticed an ogre
  3713 | D:4      | Killed an ogre
  3713 | D:4      | Reached XP level 7. HP: 36/64 MP: 6/6
  4030 | D:4      | Found a glowing silver altar of Zin.
  4477 | D:4      | Found a snail-covered altar of Cheibriados.
  4813 | D:5      | Entered Level 5 of the Dungeon
  4844 | D:5      | Reached skill level 7 in Fighting
  5255 | D:5      | Reached skill level 8 in Maces & Flails
  5634 | D:5      | Reached XP level 8. HP: 73/73 MP: 7/7
  5676 | D:5      | Reached skill level 9 in Maces & Flails
  5913 | D:5      | Found a snail-covered altar of Cheibriados.
  6017 | D:6      | Found a staircase to the Ecumenical Temple.
  6035 | Temple   | Entered the Ecumenical Temple
  6043 | Temple   | Became a worshipper of Qazlal Stormbringer
  6369 | D:6      | Reached skill level 10 in Maces & Flails
  6690 | D:6      | Reached skill level 11 in Maces & Flails
  7485 | D:7      | Reached XP level 9. HP: 69/79 MP: 8/8
  7501 | D:7      | Reached skill level 12 in Maces & Flails
  7698 | D:7      | Reached * piety under Qazlal
  7770 | D:7      | Noticed Duvessa
  7771 | D:7      | Noticed Dowan
  7781 | D:7      | Killed Duvessa
  7793 | D:7      | Killed Dowan
  7877 | D:7      | Noticed Crazy Yiuf
  7884 | D:7      | Killed Crazy Yiuf
  8056 | D:7      | Found a deep blue altar of Sif Muna.
  8063 | D:7      | Reached skill level 13 in Maces & Flails
  8902 | D:7      | Noticed a hill giant
  8915 | D:7      | Killed a hill giant
  8915 | D:7      | Reached skill level 14 in Maces & Flails
 10095 | D:8      | Found a shattered altar of Ashenzari.
 10119 | D:8      | Reached XP level 10. HP: 86/86 MP: 9/9
 10135 | D:8      | Gained mutation: You can spit weak poison. [mutagenic meat]
 10136 | D:8      | Lost mutation: You can spit weak poison. [mutagenic meat]
 10137 | D:8      | Gained mutation: You possess an exceptional clarity of mind. [mutagenic meat]
 10138 | D:8      | Gained mutation: You are robust (+10% HP). [mutagenic meat]
 10209 | D:8      | Found an opulent altar of Gozag.
 10245 | D:8      | Reached ** piety under Qazlal
 10274 | D:8      | Found a bloodstained altar of Trog.
 10279 | D:8      | Reached skill level 5 in Dodging
 10301 | D:8      | Reached skill level 1 in Invocations
 10468 | D:8      | Noticed a two-headed hydra
 10485 | D:8      | Killed a two-headed hydra
 10485 | D:8      | Reached skill level 5 in Invocations
 10919 | D:8      | Noticed Prince Ribbit
 10932 | D:8      | Killed Prince Ribbit
 11522 | D:9      | Noticed Erolcha
 11548 | D:9      | Killed Erolcha
 11577 | D:9      | Reached XP level 11. HP: 64/101 MP: 16/16
 11858 | D:9      | Reached *** piety under Qazlal
 12040 | D:9      | Noticed Psyche
 12054 | D:9      | Killed Psyche
 12568 | D:10     | Entered Level 10 of the Dungeon
 12571 | D:10     | Found a staircase to the Orcish Mines.
 12636 | D:10     | Reached skill level 1 in Evocations
 12959 | D:10     | Noticed a hill giant
 13125 | D:10     | Killed a hill giant
 13125 | D:10     | Reached skill level 10 in Invocations
 13169 | D:10     | Reached **** piety under Qazlal
 13370 | D:10     | Noticed a hill giant
 13382 | D:10     | Killed a hill giant
 13390 | D:10     | Reached skill level 5 in Armour
 13518 | D:10     | Noticed a hill giant
 13528 | D:10     | Killed a hill giant
 13722 | D:10     | Found a staircase to the Lair.
 13739 | Lair:1   | Entered Level 1 of the Lair of Beasts
 13818 | Lair:1   | Found a dark tunnel.
 13902 | Volcano  | Entered a volcano
 13910 | Volcano  | Noticed a hell knight
 13929 | Volcano  | Killed a hell knight
 15082 | D:11     | Reached skill level 5 in Evocations
 15340 | D:11     | Reached XP level 12. HP: 86/111 MP: 18/18
 15467 | D:11     | Found Vofym's Assorted Antiques.
 15499 | D:11     | Bought a pair of dazzling boots for 285 gold pieces
 15499 | D:11     | Bought a garnet ring for 150 gold pieces
 15504 | D:11     | Identified the -4 pair of boots "Nagh" {rF++ Int-2 Dex+5} (You bought it in a shop on level 11 of the Dungeon)
 16451 | D:12     | Reached ***** piety under Qazlal
 16573 | D:12     | Reached skill level 15 in Maces & Flails
 16577 | D:12     | Gained mutation: Your body sometimes deteriorates upon taking damage. [mutagenic meat]
 16578 | D:12     | Lost mutation: You possess an exceptional clarity of mind. [potion of cure mutation]
 16578 | D:12     | Lost mutation: Your body sometimes deteriorates upon taking damage. [potion of cure mutation]
 16578 | D:12     | Lost mutation: You are robust (+10% HP). [potion of cure mutation]
 16598 | D:12     | Noticed Fannar
 16635 | D:12     | Killed Fannar
 17272 | D:13     | Reached skill level 16 in Maces & Flails
 17785 | D:13     | Noticed a centaur warrior
 17793 | D:13     | Killed a centaur warrior
 17813 | D:13     | Reached XP level 13. HP: 108/111 MP: 19/19
 17823 | D:13     | Noticed a centaur warrior
 17828 | D:13     | Killed a centaur warrior
 17834 | D:13     | Noticed a fire dragon
 17848 | D:13     | Killed a fire dragon
 17860 | D:13     | Noticed a centaur warrior
 17862 | D:13     | Reached skill level 10 in Fighting
 17873 | D:13     | Killed a centaur warrior
 18143 | D:13     | Got a faintly glowing silver amulet
 18197 | D:13     | Identified the amulet "Hubb" {Inacc rC+ Str+2 Dex+2} (You found it on level 13 of the Dungeon)
 18341 | D:14     | Found a gate to the Vaults.
 18341 | D:14     | Noticed Rupert
 18341 | D:14     | Noticed Donald
 18429 | D:14     | Reached skill level 10 in Armour
 18482 | D:14     | Killed Donald
 18659 | D:14     | Killed Rupert
 19100 | D:14     | Noticed Louise
 19101 | D:14     | Cast into the Abyss (Louise)
 19102 | Abyss:1  | Found a corrupted altar of Lugonu.
 19182 | Abyss:1  | Noticed a cacodemon
 19189 | D:14     | Escaped the Abyss
 19242 | D:14     | Killed Louise
 19242 | D:14     | Reached skill level 10 in Dodging
 19777 | D:15     | Entered Level 15 of the Dungeon
 19855 | D:15     | Found a labyrinth entrance.
 19888 | Lab      | Entered a labyrinth
 20108 | Lab      | Reached XP level 14. HP: 114/124 MP: 21/21
 20219 | Lab      | Identified Tolyugopt's Grimoire of Mutagenic Battle Magic
 20220 | Lab      | Got a faintly humming robe
 20238 | D:15     | Identified the +2 robe of Wuitrum {rC++ Str+2 Int+4} (You found it in a labyrinth)
 20368 | D:15     | Found a staircase to the Depths.
 20411 | D:15     | Got a smoking mace {crush}
 20431 | D:15     | Identified the +6 mace of Cruel Justice {crush, *Confuse Str+3} (You took it off a big kobold on level 15 of the Dungeon)
 22118 | D:15     | Found a deep blue altar of Sif Muna.
 22805 | D:11     | Killed an unseen horror
 22814 | D:11     | Bought a scroll labeled IXZONO MUCOS for 30 gold pieces
 22822 | D:11     | Got a heavily runed chain mail
 22833 | D:11     | Identified the +5 chain mail "Ojiwitru" {-Cast MR++ SInv} (You acquired it on level 11 of the Dungeon)
 22836 | D:11     | Bought a scroll of identify for 60 gold pieces
 22983 | Lair:1   | Got a transparent falchion
 22984 | Lair:1   | Identified the cursed +0 falchion "Qyipecis" {freeze, rF+} (You found it on level 1 of the Lair of Beasts)
 23134 | Lair:1   | Noticed Gastronok
 23144 | Lair:1   | Killed Gastronok
 23279 | Lair:1   | Found a basalt altar of Yredelemnul.
 23969 | Lair:2   | Reached ****** piety under Qazlal
 24414 | Lair:3   | Noticed Nergalle
 24452 | Lair:3   | Killed Nergalle
 24827 | Lair:3   | Reached XP level 15. HP: 129/129 MP: 24/24
 25638 | Lair:4   | Reached skill level 15 in Invocations
 26045 | Lair:4   | Found a staircase to the Snake Pit.
 26901 | Lair:3   | Got a twisted leather armour
 26912 | Lair:3   | Identified the +0 leather armour of Exclusion {rElec rC- Int+2 Stlth+} (You found it on level 3 of the Lair of Beasts)
 27063 | Lair:5   | Noticed Nessos
 27087 | Lair:5   | Killed Nessos
 27666 | Lair:5   | Found a staircase to the Shoals.
 28986 | Lair:6   | Found a frozen archway.
 28995 | IceCv    | Entered an ice cave
 30411 | Lair:7   | Gained mutation: You evolve. [potion of beneficial mutation]
 30465 | Lair:7   | Reached XP level 16. HP: 120/143 MP: 26/26
 30995 | Lair:8   | Entered Level 8 of the Lair of Beasts
 31018 | Lair:8   | Reached skill level 15 in Armour
 31395 | Lair:8   | Found a viscous altar of Jiyva.
 31396 | Lair:8   | Found a staircase to the Slime Pits.
 31769 | Lair:8   | Found a runed door.
 32972 | Orc:1    | Entered Level 1 of the Orcish Mines
 34282 | Orc:4    | Entered Level 4 of the Orcish Mines
 34289 | Orc:4    | Found a bloodstained altar of Trog.
 34300 | Orc:4    | Noticed Sonja
 34304 | Orc:4    | Reached skill level 17 in Armour
 34326 | Orc:4    | Killed Sonja
 34338 | Orc:4    | Noticed Azrael
 34348 | Orc:4    | Killed Azrael
 34406 | Orc:4    | Found a flickering gateway to a bazaar.
 34417 | Bazaar   | Entered a bazaar
 34492 | Bazaar   | Found Wogiusez's Gadget Boutique.
 34496 | Bazaar   | Found Ziediad's Antique Armour Boutique.
 34496 | Bazaar   | Found Pieqaimm's Antique Weapon Boutique.
 34497 | Bazaar   | Found Doanu's General Store.
 34512 | Bazaar   | Bought a pitted flail for 238 gold pieces
 34520 | Bazaar   | Identified the +9 flail of Breach {antimagic, *Drain rF+ MR+ SInv} (You bought it in a shop in a bazaar)
 34523 | Bazaar   | Bought a slimy chain mail for 247 gold pieces
 34533 | Bazaar   | Identified the cursed +1 chain mail of Onecroh {-Tele rN+ Int+3 SInv} (You bought it in a shop in a bazaar)
 34538 | Bazaar   | Bought a scroll of identify for 26 gold pieces
 34746 | Orc:4    | Found Jerilul's Armour Shoppe.
 34746 | Orc:4    | Found Elonus's General Store.
 34770 | Orc:4    | Found Meelud's Antique Weapon Shop.
 34770 | Orc:4    | Found Caufer's Antique Weapon Shoppe.
 35228 | Orc:3    | Found a staircase to the Elven Halls.
 35500 | Snake:1  | Entered Level 1 of the Snake Pit
 35510 | Snake:1  | Reached skill level 18 in Armour
 35969 | Snake:1  | Noticed Nikola
 35993 | Snake:1  | Killed Nikola
 35993 | Snake:1  | Reached skill level 19 in Armour
 35993 | Snake:1  | Reached XP level 17. HP: 56/149 MP: 9/27
 36957 | Snake:2  | Got a polished leather armour
 37685 | Snake:2  | Identified the +2 leather armour "Huuvooj" {rElec rF- rC+ MP+9} (You found it on level 2 of the Snake Pit)
 37836 | Snake:2  | Noticed Agnes
 37860 | Snake:2  | Killed Agnes
 37878 | Snake:2  | Reached skill level 20 in Armour
 38263 | Snake:2  | Got a translucent arbalest
 38524 | Snake:2  | You fall through a shaft!
 38973 | Snake:3  | HP: 1/149 [shock serpent/bolt of electricity (19)]
 38975 | Snake:3  | Killed from afar by a shock serpent

Action                   |  1- 3 |  4- 6 |  7- 9 | 10-12 | 13-15 | 16-18 || total
-------------------------+-------+-------+-------+-------+-------+-------++-------
Melee: Flail             |   119 |   207 |       |       |       |   475 ||   801
       Short sword       |       |    17 |       |       |       |       ||    17
       Whip              |       |    59 |   540 |   733 |       |       ||  1332
       Morningstar       |       |       |       |   309 |   389 |       ||   698
       Mace              |       |       |       |       |  1281 |   556 ||  1837
Throw: Tomahawk          |       |       |       |     8 |     1 |       ||     9
       Throwing net      |       |       |       |     2 |       |       ||     2
Invok: Elemental Force   |       |       |       |     1 |     6 |     2 ||     9
       Upheaval          |       |       |       |       |     2 |     2 ||     4
       Disaster Area     |       |       |       |       |     2 |     2 ||     4
Evoke: Wand              |       |       |       |     2 |     2 |     2 ||     6
       Sack of spiders   |       |       |       |       |     1 |       ||     1
       Fan of gales      |       |       |       |       |       |     1 ||     1
       Lamp of fire      |       |       |       |       |       |     1 ||     1
  Use: Scroll            |     1 |       |     9 |    13 |    17 |    11 ||    51
       Potion            |       |       |       |     4 |     2 |     3 ||     9
 Stab: Distracted        |       |       |       |       |     1 |     1 ||     2
  Eat: Chunk             |     2 |     7 |    23 |    35 |    41 |    21 ||   129
       Meat ration       |       |       |       |     1 |       |       ||     1
       Pizza             |       |       |       |       |     1 |       ||     1
       Fruit             |       |       |       |       |     2 |       ||     2
       Beef jerky        |       |       |       |       |       |     2 ||     2
       Bread ration      |       |       |       |       |       |     1 ||     1
